 Seeded DCSS version 0.28.0-47-ge53b351184 (webtiles) character file.

Game seed: 523019199727972820 (custom seed)

851 thiscave3701365 the Chopper (level 7, -2/64 HPs)
             Began as a Minotaur Berserker on May 9, 2022.
             Was a Priest of Trog.
             Slain by Menkaure (15 damage)
             ... on level 5 of the Dungeon.
             The game lasted 00:05:15 (5622 turns).

thiscave3701365 the Chopper (Minotaur Berserker)    Turns: 5622, Time: 00:05:15

Health: -2/64      AC:  2    Str: 23    XL:     7   Next: 69%
Magic:  6/6        EV: 13    Int:  4    God:    Trog [***...]
Gold:   237        SH:  0    Dex: 10    Spells: 6/6 levels left

rFire   . . .      SeeInvis .   a - +0 hand axe
rCold   . . .      Faith    .   (no shield)
rNeg    . . .      Spirit   .   b - +0 animal skin
rPois   .          Reflect  .   (helmet restricted)
rElec   .          Harm     .   (no cloak)
rCorr   .          Rampage  .   (no gloves)
Will    .....                   (no boots)
Stlth   +.........              (no amulet)
HPRegen 0.20/turn               (no ring)
MPRegen 0.10/turn               (no ring)

@: on berserk cooldown, slowed, very slow
A: horns 2, retaliatory headbutt
a: Renounce Religion, Berserk, Trog's Hand


You were on level 5 of the Dungeon.
You worshipped Trog.
Trog was most pleased with you.
You visited 1 branch of the dungeon, and saw 5 of its levels.

You collected 237 gold pieces.

Inventory:

Hand Weapons
 a - a +0 hand axe (weapon)
Missiles
 j - 2 throwing nets
Armour
 b - a +0 animal skin (worn)
Jewellery
 h - an amulet of faith
 i - a ring of poison resistance
 r - an amulet of guardian spirit
Wands
 t - a wand of polymorph (2)
Scrolls
 c - a scroll of fog
 e - 3 scrolls of teleportation
 l - 3 scrolls of identify
 o - a scroll of vulnerability
Potions
 d - a potion of curing {unknown}
 f - a potion of berserk rage
 g - a potion of resistance {unknown}
 p - a potion of invisibility
 q - a potion of might
 s - a potion of heal wounds {unknown}


   Skills:
 + Level 6.3 Fighting
 + Level 6.3 Axes
 + Level 5.7 Armour
 + Level 5.2 Dodging


You had 6 spell levels left.
You didn't know any spells.
Your spell library was empty.

Dungeon Overview and Level Annotations

Branches:
Dungeon (5/15)             Temple (0/1) D:4

Altars:
Ashenzari

Annotations:
D:3 3 runed translucent doors, thiscave3701365's ghost, amateur MiBe
D:5 Menkaure


Innate Abilities, Weirdness & Mutations

You have a pair of horns on your head.
You reflexively headbutt those who attack you in melee.


Message History

The orc wizard barely misses you.
Menkaure gestures wildly while chanting.
Menkaure seems to speed up.
Calm down first, please.
You slash the orc wizard!
You kill the orc wizard!
Trog accepts your kill.
Trog appreciates your killing of a magic user.
You feel sick.
The orc wizard casts a spell.
The orc wizard flickers and vanishes!
Deactivating autopickup; reactivate with Ctrl-A.
Calm down first, please.
You feel sick.
Unknown command.
You miss something. Your headbutt misses something.
Something hits you but does no damage.
You feel sick.
You are no longer poisoned.
Menkaure calls on the powers of darkness!
Something is bathed in an unholy light!
Your body is wracked with pain!
Items here: )))) [[[ †††.
You feel a strong urge to attack something.
Items here: )) [ †.
Found a club.
You are no longer berserk.
You are exhausted.
You feel yourself slow down.
Menkaure calls on the powers of darkness!
Your body is wracked with pain!
* * * LOW HITPOINT WARNING * * *
Something is bathed in an unholy light!
Menkaure rustles in an indecipherable tongue.
Something completely misses you.
There is a stone staircase leading down here.
Menkaure breathes soot at you. Something hits you.
* * * LOW HITPOINT WARNING * * *
Menkaure hits you!
You die...

?(.##.......##.....
#####..........##.....
##.....#.$.............
##......................
.......................#
#.........).......##.#..
#.).......))..[...##.##.
#................###.# .
#......@.........# #.# .
#.......M....../.# #.# #
##..............## #.
##.....##...)....
##########...##..
#....... ..#.. .


You could see Menkaure (fast).

Vanquished Creatures
  Grinder (D:5)
  A phantom (D:4)
  2 scorpions (D:4)
  A howler monkey (D:4)
  2 orc priests
  A gnoll shaman (D:4)
  A hound (D:4)
  Ijyb (D:4)
  3 orc wizards
  A hound skeleton (D:4)
  A gnoll (D:1)
  7 adders
  An adder skeleton (D:4)
  3 worms
  A dart slug (D:4)
  15 orcs
  12 endoplasms
  3 giant cockroaches
  4 goblins
  5 hobgoblins
  5 quokkas
  8 ball pythons
  6 bats
  A frilled lizard (D:1)
  7 kobolds
  8 rats
101 creatures vanquished.

Vanquished Creatures (others)
  An orc wizard (D:4)
1 creature vanquished.

Grand Total: 102 creatures vanquished

Notes
Turn   | Place    | Note
-------+----------+-------------------------------------------
     0 | D:1      | thiscave3701365 the Minotaur Berserker began the quest for
                  | the Orb.
     0 | D:1      | Reached XP level 1. HP: 19/19 MP: 0/0
   374 | D:1      | Reached XP level 2. HP: 27/27 MP: 1/1
   797 | D:1      | Found a faded altar of an unknown god.
  1262 | D:2      | Reached XP level 3. HP: 18/33 MP: 2/2
  1816 | D:2      | Reached ** piety under Trog
  2044 | D:2      | Found a broken altar of Ashenzari.
  2596 | D:3      | Reached XP level 4. HP: 41/41 MP: 3/3
  2761 | D:3      | Found a runed translucent gate.
  2778 | D:3      | Found a runed translucent gate.
  2778 | D:3      | Found a runed translucent gate.
  2811 | D:3      | Noticed thiscave3701365's ghost (amateur MiBe)
  3753 | D:4      | Reached XP level 5. HP: 47/47 MP: 4/4
  3963 | D:4      | Reached skill level 5 in Fighting
  3963 | D:4      | Reached skill level 5 in Axes
  4221 | D:4      | Reached XP level 6. HP: 44/56 MP: 5/5
  4255 | D:4      | Noticed Ijyb
  4257 | D:4      | Reached *** piety under Trog
  4267 | D:4      | Killed Ijyb
  5188 | D:4      | Found a staircase to the Ecumenical Temple.
  5308 | D:4      | Reached skill level 5 in Armour
  5308 | D:4      | Reached XP level 7. HP: 62/62 MP: 6/6
  5361 | D:5      | Entered Level 5 of the Dungeon
  5364 | D:5      | Noticed Grinder
  5365 | D:5      | Paralysed by Grinder for 6 turns
  5375 | D:5      | Killed Grinder
  5376 | D:5      | Reached skill level 5 in Dodging
  5611 | D:5      | Noticed Menkaure
  5622 | D:5      | Slain by Menkaure

Illustrated notes

Levels and vault maps discovered:
D:1:      minmay_arrival_floating_metal, layout_loops_corners,
          shapermc_ecumenical_altar_notcrosses, minivault_11
D:2:      layout_basic, basic_altar
D:3:      layout_basic, gammafunk_ghost_icy
D:4:      minmay_chambers_of_twos, layout_loops_cross,
          minmay_temple_entry_fiery, minmay_fractal_squares_5, uniq_ijyb
D:5:      layout_rooms, serial_bayou_lagoon_a, uniq_grinder, uniq_menkaure

Skill      XL: |  1  2  3  4  5  6  7 |
---------------+----------------------+-----
Fighting       | 4 5 6 |  6.3
Axes           | 4 5 6 |  6.3
Armour         | 3 4 5 |  5.7
Dodging        | 3 4 5 |  5.2

Action                   |  1- 3 |  4- 6 |  7- 9 || total
-------------------------+-------+-------+-------++-------
Melee: Hand axe          |    80 |   111 |    26 ||   217
       Headbutt          |    10 |    12 |     2 ||    24
       Punch             |     1 |       |     1 ||     2
       Unarmed           |       |     6 |       ||     6
Invok: Berserk           |     1 |     5 |     3 ||     9
  Use: Scroll            |       |       |     8 ||     8
 Stab: Sleeping          |     1 |       |       ||     1
Armor: Animal skin       |    18 |    20 |     3 ||    41
       Skin              |       |     2 |       ||     2
Dodge: Dodged            |    53 |    57 |    13 ||   123
